 Dungeon Crawl Stone Soup version 0.23-a0-358-g98c7a59 (webtiles) character file.

956 Cryolive the Geomancer (level 8, -2/41 HPs)
             Began as a Gargoyle Earth Elementalist on Oct 22, 2018.
             Was a Follower of Vehumet.
             Slain by an ice beast (8 damage)
             ... on level 5 of the Dungeon.
             The game lasted 00:19:52 (4695 turns).

Cryolive the Geomancer (GrEE)                       Turns: 4695, Time: 00:19:53

Health: -2/41      AC: 10    Str: 13    XL:     8   Next: 14%
Magic:  0/17       EV: 12    Int: 17    God:    Vehumet [*.....]
Gold:   267        SH:  0    Dex: 10    Spells: 18/19 levels left

rFire    . . .     SeeInvis .   q - +2 hand axe (flame)
rCold    . . .     Gourm    .   (no shield)
rNeg     + . .     Faith    .   c - +0 robe
rPois    ∞         Spirit   +   t - +0 helmet
rElec    +         Reflect  .   l - +0 cloak
rCorr    .         Harm     .   j - +0 pair of gloves
MR       .....                  (no boots)
Stlth    ++........             p - amulet of guardian spirit
HPRegen  0.13/turn              (no ring)
MPRegen  0.15/turn              (no ring)

@: no status effects
A: negative energy resistance 1, electricity resistance, unbreathing,
petrification resistance, rot immunity, AC +5
a: Renounce Religion


You were on level 5 of the Dungeon.
You worshipped Vehumet.
Vehumet was aware of your devotion.
You were not hungry.

You visited 2 branches of the dungeon, and saw 6 of its levels.

You collected 267 gold pieces.

Inventory:

Hand Weapons
 q - a +2 hand axe of flaming (weapon)
Missiles
 b - 70 stones (quivered)
Armour
 c - a +0 robe (worn)
 j - a +0 pair of gloves (worn)
 l - a +0 cloak (worn)
 t - a +0 helmet (worn)
Jewellery
 n - a cursed ring of attention {unknown}
 p - an amulet of guardian spirit (around neck)
 z - an uncursed amulet of harm {unknown}
Wands
 h - a wand of digging (11)
 m - a wand of paralysis (9)
 v - a wand of enslavement (11)
 y - a wand of disintegration (13)
Scrolls
 f - 4 scrolls of teleportation {unknown}
 i - a scroll of remove curse {unknown}
 k - a scroll of identify
 r - a scroll of amnesia {unknown}
 A - a scroll of enchant weapon {unknown}
Potions
 a - a potion of might {unknown}
 e - 2 potions of lignification {unknown}
 g - a potion of degeneration {unknown}
 o - 3 potions of curing
 s - 2 potions of ambrosia {unknown}
 u - a potion of brilliance {unknown}
 w - a potion of haste {unknown}
 x - a potion of magic {unknown}
Comestibles
 d - 11 rations


   Skills:
 - Level 1.5 Dodging
 - Level 2.1 Stealth
 + Level 6.2 Spellcasting
   Level 0.7 Transmutations
 + Level 8.5 Earth Magic


You had 18 spell levels left.
You knew the following spells:

 Your Spells              Type           Power        Failure   Level  Hunger
a - Sandblast             Erth           ####..       1%          1    None

Your spell library contained the following spells:

 Spells                   Type           Power        Failure   Level  Hunger
 Freeze                   Ice            #...         13%         1    None
 Passwall                 Tmut/Erth      ###.....     2%          2    None
 Stone Arrow              Conj/Erth      ###...       6%          3    ##.....
 Lee's Rapid Deconstruct  Erth           ####......   11%         5    #####..
 Petrify                  Tmut/Erth      ###.....     19%         4    ####...


Dungeon Overview and Level Annotations

Branches:
Dungeon (5/15)             Temple (1/1) D:4

Altars:
Ashenzari
Cheibriados
Dithmenos
Fedhas
Gozag
Hepliaklqana
Kikubaaqudgha
Makhleb
Nemelex Xobeh
Okawaru
Qazlal
Ru
Sif Muna
Trog
Uskayaw
Vehumet
Wu Jian
Xom
Yredelemnul
Zin
The Shining One


Innate Abilities, Weirdness & Mutations

You are resistant to torment.
Your stone body is resilient. (AC +5)
You are immune to poison.
You resist negative energy. (rN+)
You are resistant to electric shocks. (rElec)
You can survive without breathing.
You are immune to petrification.
You are immune to rotting.


Message History

Castin': Sandblast (safe; 1% risk o' failure) Confirm wit' . or Enter, or press ? or * ta list all spells.
Aimin': Sandblast (safe; 1% risk o' failure)
Press: ? - help, Shift-Dir - straight line, f/p - ice beast
Aim: an ice beast Tha blast o' sand misses tha ice beast.
b - 71 stones Tha ice beast barely misses ye.
Castin': Sandblast (safe; 1% risk o' failure) Confirm wit' . or Enter, or press ? or * ta list all spells.
Aimin': Sandblast (safe; 1% risk o' failure)
Press: ? - help, Shift-Dir - straight line, f/p - ice beast
Aim: an ice beast Tha blast o' sand hits tha ice beast.
Tha ice beast be almost dead.
b - 70 stones Tha ice beast hits ye.
* * * LOW HITPOINT WARNIN'
* * * Tha ice beast freezes ye!
Ye die...

#...... #...........
#.....# #...........
##.....###########..##..
#......##..###..##..##..
#...<..+........#...#...
###....##.....Y.#...#...
#####+##Y.# ##..##≈.
#.....##..## ##..##≈≈
#.....@#...# #...#.≈≈
#......Y.<.# #...#...
###...###########..##≈≈
##...######...##..##.#
#.........<...........
#.....................
#.....................
##.#############....##
#######.##..###....########


You could see an ice beast.

Vanquished Creatures
  Grinder (D:5)
  Sigmund (D:4)
  An ogre (D:5)
  A centaur (D:5)
  A bullfrog (D:4)
  2 crimson imps (D:5)
  A centaur zombie (D:5)
  2 hounds
  Ijyb (D:4)
  2 worker ants
  Robin (D:4)
  2 adders
  2 oozes
  6 worms
  A leopard gecko (D:4)
  6 orcs
  6 bats
  3 giant cockroaches
  16 goblins
  10 hobgoblins
  11 jackals
  3 quokkas
  A ball python (D:1)
  6 frilled lizards
  3 kobolds
  A leopard gecko skeleton (D:5)
  5 rats
  A butterfly (D:4)
97 creatures vanquished.

Notes
Turn   | Place    | Note
-------+----------+-------------------------------------------
     0 | D:1      | Cryolive the Gargoyle Earth Elementalist began the quest
                  | for the Orb.
     0 | D:1      | Reached XP level 1. HP: 10/10 MP: 3/3
    10 | D:1      | Noticed an electric eel
   161 | D:1      | Reached XP level 2. HP: 14/15 MP: 5/5
   221 | D:1      | Reached skill level 4 in Earth Magic
   491 | D:1      | Reached XP level 3. HP: 12/19 MP: 4/6
   716 | D:2      | Found an opulent altar of Gozag.
  1204 | D:2      | Reached XP level 4. HP: 14/24 MP: 8/8
  1408 | D:2      | Found an ornate altar of the Wu Jian Council.
  1771 | D:3      | Reached skill level 5 in Earth Magic
  1929 | D:3      | Found a burning altar of Makhleb.
  1993 | D:3      | Found a stormy altar of Qazlal.
  1997 | D:3      | Found a radiant altar of Vehumet.
  2001 | D:3      | Became a worshipper of Vehumet
  2576 | D:4      | Noticed a bullfrog
  2590 | D:4      | Killed a bullfrog
  2590 | D:4      | Reached XP level 5. HP: 20/28 MP: 6/10
  2595 | D:4      | Found a hazy altar of Hepliaklqana.
  2623 | D:4      | Noticed Ijyb
  2635 | D:4      | Killed Ijyb
  2644 | D:4      | Found a staircase to the Ecumenical Temple.
  2658 | Temple   | Entered the Ecumenical Temple
  2865 | D:4      | Reached skill level 6 in Earth Magic
  2865 | D:4      | Reached XP level 6. HP: 14/32 MP: 5/12
  2875 | D:4      | Noticed Robin
  3039 | D:4      | Reached * piety under Vehumet
  3039 | D:4      | Offered knowledge of Freeze by Vehumet.
  3054 | D:4      | Killed Robin
  3335 | D:4      | Noticed Sigmund
  3379 | D:4      | Killed Sigmund
  3379 | D:4      | Reached skill level 7 in Earth Magic
  3379 | D:4      | Reached XP level 7. HP: 25/36 MP: 4/14
  4010 | D:5      | Entered Level 5 of the Dungeon
  4011 | D:5      | Reached skill level 5 in Spellcasting
  4221 | D:5      | Found a blossoming altar of Fedhas.
  4415 | D:5      | Noticed Grinder
  4431 | D:5      | Killed Grinder
  4431 | D:5      | Reached skill level 8 in Earth Magic
  4458 | D:5      | Reached XP level 8. HP: 41/41 MP: 12/16
  4695 | D:5      | Slain by an ice beast

Vault maps used:
D:1:      arrival_aquarium_a
D:2:      marbit_many_paths, first_ration, grunt_gozag_statues
D:3:      minitemple, st_stairs_3
D:4:      kennysheep_little_box, minmay_temple_entry_purple_smoke,
          hangedman_glass_garden, uniq_robin, uniq_ijyb, uniq_sigmund
D:5:      fedhas_altar_2, uniq_grinder
Temple:   eino_temple_scatter_basement

Skill      XL: |  1  2  3  4  5  6  7  8 |
---------------+-------------------------+-----
Earth Magic    | 4 5 6 7 8 |  8.5
Spellcasting   | 3 4 5 6 |  6.2
Dodging        | |  1.5
Stealth        | |  2.1
Transmutations | |  0.7

Action                   |  1- 3 |  4- 6 |  7- 9 || total
-------------------------+-------+-------+-------++-------
Melee: Unarmed           |     7 |       |       ||     7
       Club              |   122 |   110 |       ||   232
       Hand axe          |       |    76 |    82 ||   158
 Cast: Sandblast         |    21 |    26 |    17 ||    64
  Use: Scroll            |       |     2 |       ||     2
 Stab: Sleeping          |     1 |       |       ||     1
  Eat: Chunk             |     1 |     5 |       ||     6
       Ration            |       |     1 |     1 ||     2
Armor: Robe              |    56 |    80 |    33 ||   169
Dodge: Dodged            |    85 |   146 |    64 ||   295

Table legend:
 A = Non-vault XP
 B = Vault XP
 C = Vault XP percentage of total XP
 D = Non-vault monster count
 E = Vault monster count
 F = Vault count percentage of total count
                 A         B        C        D         E       F
            +---------+---------+-------+---------+---------+-------
      Total |     754 |     613 |  44.8 |      76 |      20 |  20.8
            +---------+---------+-------+---------+---------+-------
        D:1 |      39 |       0 |   0.0 |      21 |       0 |   0.0
        D:2 |      48 |       1 |   2.0 |      15 |       1 |   6.2
        D:3 |      34 |      36 |  51.4 |      17 |       3 |  15.0
        D:4 |     197 |     295 |  60.0 |      10 |      15 |  60.0
        D:5 |     436 |     281 |  39.2 |      13 |       1 |   7.1
            +---------+---------+-------+---------+---------+-------
